 Dungeon Crawl Stone Soup version 0.21.1-1-g345015fe64 (webtiles) character file.

12855 DildoBatman the Jinx (level 12, -5/88 HPs)
             Began as a Formicid Wizard on May 28, 2018.
             Was an Elder of Kikubaaqudgha.
             Slain by an orc warrior
             ... wielding a cursed -2 morningstar
              (23 damage)
             ... on level 11 of the Dungeon.
             The game lasted 01:01:15 (14894 turns).

DildoBatman the Jinx (Formicid Wizard)             Turns: 14894, Time: 01:01:16

Health: -5/88      AC: 11    Str: 18    XL:     12   Next: 25%
Magic:  8/19       EV: 11    Int: 23    God:    Kikubaaqudgha [****..]
Gold:   328        SH:  0    Dex:  9    Spells: 7/21 levels left

rFire    . . .     SeeInvis +   a - +3 dagger (venom)
rCold    . . .     Gourm    .   (no shield)
rNeg     + . .     Faith    .   f - +0 ring mail
rPois    .         Spirit   .   (helmet unavailable)
rElec    .         Reflect  .   (no cloak)
rCorr    .         Harm     .   y - +1 pair of gloves {archery}
MR       +....                  J - +2 pair of boots
Stlth    ++........             (no amulet)
HPRegen  1.24/turn              Y - ring of positive energy
MPRegen  0.16/turn              X - +6 ring of strength

@: lethally poisoned (-5 -> -5), regenerating
A: permanent stasis, dig shafts and tunnels, four strong arms, antennae 3
a: Dig, Shaft Self, Receive Corpses, Renounce Religion


You were on level 11 of the Dungeon.
You worshipped Kikubaaqudgha.
Kikubaaqudgha was greatly pleased with you.
You were hungry.

You visited 3 branches of the dungeon, and saw 13 of its levels.
You also visited: Sewer.

You collected 735 gold pieces.
You spent 407 gold pieces at shops.

Inventory:

Hand Weapons
 a - a +3 dagger of venom (weapon)
 b - a +2 hand axe of electrocution
 c - a +2 shortbow of velocity
 h - a +2 dagger of protection
Missiles
 d - 25 stones (quivered)
 j - 5 needles of sleeping
 A - 117 arrows
Armour
 e - a +0 chain mail of positive energy
 f - a +0 ring mail (worn)
 y - a +1 pair of gloves of archery (worn)
 J - a +2 pair of boots (worn)
Jewellery
 w - an uncursed ring of positive energy
 F - an uncursed ring of ice
 K - an uncursed ring of ice
 X - a +6 ring of strength (right hand)
 Y - a ring of positive energy (left hand)
Wands
 g - a wand of iceblast (4)
 P - a wand of scattershot (7)
Scrolls
 l - 3 scrolls of blinking {unknown}
 x - 8 scrolls of remove curse
 B - 2 scrolls of fog {unknown}
 G - 2 scrolls of noise {unknown}
 L - 3 scrolls of identify {unknown}
 M - a scroll of magic mapping {unknown}
 N - a scroll of enchant armour {unknown}
 Q - a scroll of fear {unknown}
 R - 2 scrolls of immolation {unknown}
 S - 2 scrolls of amnesia {unknown}
 T - a scroll of silence {unknown}
 Z - a scroll of acquirement {unknown}
Potions
 r - 5 potions of might {unknown}
 s - 6 potions of curing
 u - 7 potions of haste {unknown}
Comestibles
 i - 2 chunks of flesh
 v - 23 rations


   Skills:
 - Level 6.0 Fighting
 - Level 4.0 Short Blades
 * Level 3.3(3.6) Axes
   Level 1.4(2.6) Maces & Flails
   Level 1.0(2.3) Polearms
   Level 4.0 Slings
 * Level 3.9 Bows
 - Level 5.0 Armour
 - Level 3.0 Dodging
 - Level 5.0 Stealth
 - Level 5.0 Spellcasting
 - Level 3.0 Conjurations
 * Level 11.7 Hexes
 - Level 4.0 Charms
   Level 1.0 Summonings
 - Level 4.0 Necromancy
   Level 0.8 Translocations
 - Level 2.0 Air Magic
 - Level 6.0 Poison Magic
 - Level 4.0 Evocations


You had 7 spell levels left.
You knew the following spells:

 Your Spells              Type           Power        Failure   Level  Hunger
a - Slow                  Hex            ######..     1%          2    None
b - Confuse               Hex            ######..     1%          3    ##.....
c - Magic Dart            Conj           ###.         4%          1    None
d - Regeneration          Chrm/Necr      ###.......   9%          3    ##.....
e - Mephitic Cloud        Conj/Pois/Air  ###.....     11%         3    ##.....
z - Sublimation of Blood  Necr           ###.......   4%          2    None


Dungeon Overview and Level Annotations

Branches:
Dungeon (11/15)            Temple (1/1) D:5            Lair (0/6) D:11
    Orc (1/2) D:11

Altars:
Ashenzari
Cheibriados
Dithmenos
Elyvilon
Fedhas
Gozag
Hepliaklqana
Kikubaaqudgha
Makhleb
Nemelex Xobeh
Okawaru
Qazlal
Ru
Sif Muna
Trog
Uskayaw
Vehumet
Wu Jian
Xom
Yredelemnul
Zin
The Shining One

Shops:
D:4 %   D:5 *   D:6 *   D:7 }

Annotations:
D:10 exclusion: fire giant
Orc:1 Snarbu88's ghost, journeyman DsBe


Innate Abilities, Weirdness & Mutations

You cannot be hasted, slowed, berserked, paralysed or teleported.
You can dig through walls and to a lower floor.
Your four strong arms can wield two-handed weapons with a shield.
You have a pair of large antennae on your head. (SInv)


Message History

The orc appears confused.
You are feeling hungry.
You feel sick. The orc barely misses you.
The orc warrior hits itself with a short sword!!
Casting: Confuse
Confirm with . or Enter, or press ? or * to list all spells.
Aiming: Confuse
Press: ? - help, Shift-Dir - straight line, f - orc, p - orc
Aim: an orc, wielding a hand axe and wearing a chain mail (chance to defeat MR: 87%)
The orc appears confused.
You feel sick.
The orc warrior hits the orc with a short sword.
The orc falls into the lava!
The orc is incinerated.
Kikubaaqudgha accepts your kill.
You hear a sizzling splash.
The orc warrior hits you with a morningstar!!
You die...
Kikubaaqudgha rasps: "You have failed me!
Welcome... death!"

##.....#.#...#..#.....#
.'....................#
.#....................#
.#....................#
##...##.##....###.....#
.############.######..#
8.##8###8###8#.#####..#
......#...#...#.≈≈≈#..#
..............#.@≈≈#..#
..............'oo>≈#..#
........[.[...#..≈≈####
..#...#...#...#o≈≈≈#
.###.###8###8####### ##
### ### ###


You could see 2 orc warriors and an orc (confused).

Vanquished Creatures
  2 two-headed ogres
  The ghost of Gargoyl the Schismatic, a novice CeAK of Lugonu (D:8)
  2 manticores (D:11)
  An ugly thing (D:11)
  A gargoyle (D:10)
  4 trolls
  2 hippogriffs
  Sigmund (D:3)
  10 yaks
  The ghost of kajmaj the Chopper, an amateur DDFi (D:5)
  3 hogs (D:9)
  A human (D:9)
  A warg (D:11)
  Menkaure (D:4)
  A water moccasin (D:9)
  6 orc warriors
  Purgy (Sewer)
  5 sky beasts
  A black bear (D:9)
  An eye of draining (D:8)
  4 ogres
  4 phantoms
  2 wolves (D:11)
  5 centaurs
  A crocodile (D:7)
  2 big kobolds (D:8)
  8 bullfrogs
  5 scorpions
  7 killer bees
  A howler monkey (D:4)
  3 electric eels (D:11)
  3 crimson imps
  A jelly (D:8)
  3 centaur zombies
  8 hounds
  A bullfrog zombie (D:11)
  A gnoll shaman (D:9)
  13 orc wizards
  8 orc priests
  Jessica (D:3)
  A bullfrog skeleton (D:7)
  2 iguanas
  A killer bee zombie (D:8)
  9 worker ants
  2 hound zombies
  A hound skeleton (D:7)
  2 worker ant zombies
  A howler monkey skeleton (D:8)
  A river rat (D:4)
  11 adders
  20 gnolls
  2 oozes
  2 adder zombies
  A worm (D:3)
  2 dart slugs
  6 leopard geckos
  33 orcs
  6 ball pythons
  14 bats
  4 giant cockroaches
  10 goblins
  6 hobgoblins
  14 jackals
  18 kobolds
  8 frilled lizards
  2 quokka skeletons
  A quokka zombie (D:9)
  10 rats
317 creatures vanquished.

Vanquished Creatures (collateral kills)
  A killer bee (D:9)
1 creature vanquished.

Vanquished Creatures (others)
  An orc (Orc:1)
1 creature vanquished.

Grand Total: 319 creatures vanquished

Notes
Turn   | Place    | Note
-------+----------+-------------------------------------------
     0 | D:1      | DildoBatman the Formicid Wizard began the quest for the Orb.
     0 | D:1      | Reached XP level 1. HP: 13/13 MP: 4/4
    21 | D:1      | Reached skill level 1 in Conjurations
   267 | D:1      | Reached skill level 1 in Fighting
   267 | D:1      | Reached XP level 2. HP: 20/21 MP: 4/6
   540 | D:1      | Reached XP level 3. HP: 27/27 MP: 0/7
  1242 | D:2      | Reached XP level 4. HP: 31/34 MP: 6/8
  1835 | D:2      | Reached skill level 1 in Armour
  2220 | D:2      | Learned a level 2 spell: Slow
  2224 | D:2      | Learned a level 3 spell: Mephitic Cloud
  2246 | D:3      | Reached XP level 5. HP: 38/41 MP: 9/9
  2401 | D:3      | Noticed Jessica
  2406 | D:3      | Killed Jessica
  2406 | D:3      | Reached skill level 1 in Polearms
  2406 | D:3      | Reached skill level 1 in Slings
  2588 | D:3      | Found a faded altar of an unknown god.
  2799 | D:4      | Found a glowing drain.
  2839 | D:4      | Reached XP level 6. HP: 21/47 MP: 0/10
  3039 | Sewer    | Entered a sewer
  3112 | Sewer    | Noticed Purgy
  3170 | Sewer    | Killed Purgy
  3170 | Sewer    | Reached skill level 1 in Maces & Flails
  3465 | D:4      | Found a hide-covered altar of Uskayaw.
  3469 | D:4      | Found an ornate altar of the Wu Jian Council.
  3745 | D:4      | Reached XP level 7. HP: 52/52 MP: 11/11
  4003 | D:4      | Found Wete's Food Boutique.
  4271 | D:5      | Entered Level 5 of the Dungeon
  4271 | D:5      | Noticed Sigmund
  4539 | D:5      | Found an ancient bone altar of Kikubaaqudgha.
  4544 | D:5      | Became a worshipper of Kikubaaqudgha
  4572 | D:5      | Found a burning altar of Makhleb.
  4576 | D:5      | Found a glowing silver altar of Zin.
  4652 | D:5      | Noticed kajmaj's ghost (amateur DDFi)
  4769 | D:5      | Reached skill level 1 in Hexes
  4769 | D:5      | Reached skill level 1 in Poison Magic
  4859 | D:4      | Reached skill level 1 in Air Magic
  4859 | D:4      | Reached XP level 8. HP: 46/61 MP: 10/12
  4902 | D:3      | Killed Sigmund
  4902 | D:3      | Reached skill level 2 in Hexes
  5009 | D:5      | Noticed Menkaure
  5080 | D:4      | Killed Menkaure
  5349 | D:4      | Reached skill level 5 in Fighting
  5497 | D:5      | Found Orchusmuta's General Store.
  5501 | D:5      | Found an opulent altar of Gozag.
  5525 | D:5      | Found a staircase to the Ecumenical Temple.
  5610 | Temple   | Entered the Ecumenical Temple
  6144 | D:6      | Reached skill level 3 in Hexes
  6228 | D:6      | Reached XP level 9. HP: 56/68 MP: 9/13
  6337 | D:6      | Found Oskax's Assorted Antiques.
  6354 | D:6      | Reached skill level 4 in Hexes
  6355 | D:6      | Reached skill level 5 in Poison Magic
  6390 | D:6      | Bought a scroll labeled TET AD QUXTA for 26 gold pieces
  6390 | D:6      | Bought a scroll labeled TET AD QUXTA for 26 gold pieces
  6390 | D:6      | Bought a scroll labeled CEGYRE ARAT for 26 gold pieces
  6390 | D:6      | Bought a scroll labeled JODUONA QUFFA for 26 gold pieces
  6390 | D:6      | Bought a bubbling orange potion for 23 gold pieces
  6577 | D:6      | Reached skill level 5 in Hexes
  7076 | D:7      | Reached * piety under Kikubaaqudgha
  7076 | D:7      | Identified Kikubaaqudgha's Disquisition on Evil Secrets (Kikubaaqudgha gifted it to you on level 7 of the Dungeon)
  7076 | D:7      | Received a gift from Kikubaaqudgha
  7351 | D:7      | Found Semoxt's Gadget Boutique.
  7388 | D:7      | Reached skill level 6 in Hexes
  7557 | D:7      | Reached skill level 7 in Hexes
  7839 | D:7      | Learned a level 3 spell: Regeneration
  7842 | D:7      | Learned a level 2 spell: Sublimation of Blood
  8322 | D:8      | Noticed Gargoyl's ghost (novice CeAK)
  8419 | D:8      | Reached skill level 1 in Charms
  8419 | D:8      | Reached skill level 1 in Necromancy
  8452 | D:8      | Reached skill level 8 in Hexes
  8642 | D:8      | Reached XP level 10. HP: 74/74 MP: 6/16
  8681 | D:8      | Reached ** piety under Kikubaaqudgha
  9313 | D:8      | Reached skill level 9 in Hexes
  9450 | D:9      | Reached skill level 1 in Short Blades
  9751 | D:5      | Bought a book of Misfortune for 280 gold pieces
  9755 | D:5      | Learned a level 3 spell: Confuse
 10873 | D:9      | Noticed a two-headed ogre
 10895 | D:9      | Killed a two-headed ogre
 10895 | D:9      | Reached skill level 10 in Hexes
 11136 | D:9      | Reached *** piety under Kikubaaqudgha
 11136 | D:9      | Identified Kikubaaqudgha's Papyrus of Black Rites (Kikubaaqudgha gifted it to you on level 9 of the Dungeon)
 11136 | D:9      | Received a gift from Kikubaaqudgha
 11269 | D:9      | Reached skill level 1 in Evocations
 11295 | D:9      | Reached XP level 11. HP: 77/80 MP: 14/17
 11499 | D:10     | Entered Level 10 of the Dungeon
 11507 | D:10     | Noticed a deep elf mage
 11533 | D:10     | Noticed an orc knight
 11534 | D:10     | Noticed a fire giant
 11624 | D:10     | Reached skill level 1 in Bows
 11742 | D:11     | Noticed a two-headed ogre
 11776 | D:10     | Killed a two-headed ogre
 11776 | D:10     | Reached skill level 5 in Stealth
 12219 | D:11     | Found a staircase to the Lair.
 12380 | D:11     | Noticed a manticore
 12405 | D:11     | Killed a manticore
 12405 | D:11     | Reached skill level 5 in Armour
 12405 | D:11     | Reached skill level 5 in Spellcasting
 12437 | D:11     | Noticed a manticore
 12455 | D:11     | Killed a manticore
 12572 | D:11     | Noticed a white ugly thing
 12960 | D:11     | Killed a white ugly thing
 13117 | D:11     | Reached **** piety under Kikubaaqudgha
 13117 | D:11     | Reached skill level 11 in Hexes
 13171 | D:11     | Found a staircase to the Orcish Mines.
 13737 | D:5      | Killed kajmaj's ghost
 13988 | D:8      | Killed Gargoyl's ghost
 14144 | D:11     | Reached skill level 1 in Axes
 14238 | D:10     | Reached XP level 12. HP: 51/88 MP: 11/19
 14814 | Orc:1    | Entered Level 1 of the Orcish Mines
 14818 | Orc:1    | Noticed Snarbu88's ghost (journeyman DsBe)
 14894 | D:11     | Slain by an orc warrior

Skill      XL: |  1  2  3  4  5  6  7  8  9 10 11 12 |
---------------+-------------------------------------+-----
Conjurations   | 1 2 3 |  3.0
Fighting       | 1 2 3 4 5 6 |  6.0
Dodging        | 2 3 |  3.0
Armour         | 1 2 3 4 5 |  5.0
Stealth        | 3 4 5 |  5.0
Polearms       | 1 |  1.0
Slings         | 1 3 4 |  4.0
Maces & Flails | 1 |  1.4
Hexes          | 1 3 8 10 11 | 11.7
Poison Magic   | 1 4 6 |  6.0
Air Magic      | 1 2 |  2.0
Spellcasting   | 4 5 |  5.0
Charms         | 1 3 4 |  4.0
Necromancy     | 1 3 4 |  4.0
Short Blades   | 3 4 |  4.0
Evocations     | 1 4 |  4.0
Bows           | 3 |  3.9
Axes           | 1 3 |  3.3
Summonings     | |  1.0
Translocations | |  0.8

Action                   |  1- 3 |  4- 6 |  7- 9 | 10-12 || total
-------------------------+-------+-------+-------+-------++-------
Melee: Unarmed           |    48 |       |       |       ||    48
       Short sword       |     9 |     6 |       |       ||    15
       Trident           |       |    57 |       |       ||    57
       Flail             |       |       |     5 |       ||     5
       Dagger            |       |       |       |   551 ||   551
       Hand axe          |       |       |       |    22 ||    22
 Fire: Hunting sling     |       |    96 |   462 |   131 ||   689
       Shortbow          |       |       |       |   122 ||   122
 Cast: Magic Dart        |    64 |    78 |    65 |    13 ||   220
       Mephitic Cloud    |       |     1 |    25 |    28 ||    54
       Slow              |       |       |    10 |    28 ||    38
       Confuse           |       |       |       |    64 ||    64
       Regeneration      |       |       |       |    25 ||    25
       Sublimation of Bl |       |       |       |     2 ||     2
 Abil: Dig               |       |     3 |     9 |    22 ||    34
  Use: Scroll            |       |       |       |     2 ||     2
 Stab: Sleeping          |       |       |     1 |     1 ||     2
       Confused          |       |       |       |    32 ||    32
  Eat: Chunk             |     1 |     7 |    16 |    26 ||    50
       Ration            |       |       |     1 |     1 ||     2
Armor: Ring mail         |    46 |    88 |    83 |   179 ||   396
       Robe              |     1 |       |       |       ||     1
Dodge: Dodged            |    52 |   105 |   107 |   249 ||   513
